 Dungeon Crawl Stone Soup version 0.19.5 (webtiles) character file.

282 JeffiDaFish the Shield-Bearer (level 6, -1/38 HPs)
             Began as a Gargoyle Fighter on Sept 14, 2017.
             Slain by JeffiDaFish's ghost (10 damage)
             ... on level 3 of the Dungeon.
             The game lasted 00:07:14 (2336 turns).

JeffiDaFish the Shield-Bearer (Gargoyle Fighter)    Turns: 2336, Time: 00:07:14

Health: -1/38      AC: 12    Str: 20    XL:     6   Next: 28%
Magic:  6/6        EV:  8    Int:  8    God:
Gold:   130        SH: 10    Dex: 14    Spells: 0 memorised, 5 levels left

rFire  . . .     SeeInvis .     e - +2 whip (freeze)
rCold  . . .     Gourm    .     b - +0 scale mail
rNeg   + . .     Faith    .     c - +0 shield
rPois  ∞         Spirit   .     j - +0 helmet
rElec  +         Reflect  .     (no cloak)
rCorr  .         Harm     .     (no gloves)
MR     .....                    (no boots)
Stlth  ..........               (no amulet)
                                (no ring)
                                k - +3 ring of dexterity

@: no status effects
A: negative energy resistance 1, electricity resistance, unbreathing,
petrification resistance, rot immunity, AC +4
a: no special abilities


You were on level 3 of the Dungeon.
You were not hungry.

You visited 1 branch of the dungeon, and saw 3 of its levels.

You collected 130 gold pieces.

Inventory:

Hand Weapons
 e - a +2 whip of freezing (weapon)
Armour
 b - a +0 scale mail (worn)
 c - a +0 shield (worn)
 j - a +0 helmet (worn)
Jewellery
 k - a +3 ring of dexterity (left hand)
Scrolls
 g - 4 scrolls of identify
Potions
 h - a potion of curing
Comestibles
 a - 2 meat rations
 f - 2 bread rations
 i - a beef jerky


   Skills:
 + Level 4.1 Fighting
 + Level 4.2 Maces & Flails
 + Level 4.1 Armour
 + Level 1.0 Dodging
 + Level 4.8 Shields


You had 5 spell levels left.
You didn't know any spells.

Dungeon Overview and Level Annotations

Branches:
Dungeon (3/15)

Altars:
Qazlal

Annotations:
D:3 JeffiDaFish's ghost, amateur GrFi


Innate Abilities, Weirdness & Mutations

You are resistant to torment.
Your stone body is resilient. (AC +4)
You are immune to poison.
You resist negative energy. (rN+)
You are resistant to electric shocks. (rElec)
You can survive without breathing.
You are immune to petrification.
You are immune to rotting.


Message History

You block JeffiDaFish's ghost's attack.
You hit JeffiDaFish's ghost but do no damage.
JeffiDaFish's ghost is severely damaged.
JeffiDaFish's ghost hits you but does no damage.
You barely miss JeffiDaFish's ghost.
JeffiDaFish's ghost is severely damaged.
You hit JeffiDaFish's ghost. You freeze JeffiDaFish's ghost.
JeffiDaFish's ghost is almost destroyed.
JeffiDaFish's ghost hits you!
You hit JeffiDaFish's ghost. You freeze JeffiDaFish's ghost.
JeffiDaFish's ghost is almost destroyed.
JeffiDaFish's ghost hits you.
You hit JeffiDaFish's ghost but do no damage.
JeffiDaFish's ghost is almost destroyed.
JeffiDaFish's ghost hits you.
* * * LOW HITPOINT WARNING * * *
You hit JeffiDaFish's ghost. You freeze JeffiDaFish's ghost.
JeffiDaFish's ghost is almost destroyed.
JeffiDaFish's ghost hits you!
You die...

##...#.##.# ..##..#.##..
+.⌠.++...##..
#...##....##..
##)..##.........
##...##...##.##(#
#.⌠.##..#.##.##.#
.#.#.####'##.....[..##.#
.......@Wg...#.#.##.##..
...#######..##.......#..
#..............
#...#..##...#..
#.#..........#.
#.#g....#....#.
#.#..........#.
#.#.....#..#.#.
#.#.........<#.


You could see JeffiDaFish's ghost and a hobgoblin.

Vanquished Creatures
  An orc priest (D:3)
  A hound (D:3)
  Natasha (thrice) (D:2)
  A worker ant (D:3)
  Robin (D:2)
  6 adders
  A worm (D:2)
  A leopard gecko (D:2)
  3 orcs (D:3)
  A ball python (D:1)
  3 giant cockroaches (D:2)
  10 goblins
  4 hobgoblins
  5 kobolds
  2 quokkas (D:2)
  7 bats
  7 frilled lizards
  6 rats
63 creatures vanquished.

Notes
Turn   | Place    | Note
-------+----------+-------------------------------------------
     0 | D:1      | JeffiDaFish the Gargoyle Fighter began the quest for the Orb.
     0 | D:1      | Reached XP level 1. HP: 14/14 MP: 1/1
   354 | D:1      | Reached XP level 2. HP: 19/19 MP: 2/2
   892 | D:2      | Reached XP level 3. HP: 19/23 MP: 3/3
   930 | D:2      | Noticed Robin
   949 | D:2      | Killed Robin
  1006 | D:2      | Reached XP level 4. HP: 28/29 MP: 4/4
  1054 | D:2      | Noticed Natasha
  1069 | D:2      | Killed Natasha
  1090 | D:2      | Noticed Natasha
  1108 | D:2      | Killed Natasha
  1366 | D:2      | Reached XP level 5. HP: 33/33 MP: 5/5
  1711 | D:2      | Found a stormy altar of Qazlal.
  1711 | D:2      | Noticed Natasha
  1722 | D:2      | Killed Natasha
  2270 | D:3      | Reached XP level 6. HP: 36/38 MP: 6/6
  2293 | D:3      | Noticed JeffiDaFish's ghost (amateur GrFi)
  2299 | D:3      | Reached skill level 1 in Dodging
  2336 | D:3      | Slain by JeffiDaFish's ghost

Skill      XL: |  1  2  3  4  5  6 |
---------------+-------------------+-----
Shields        | 4 |  4.8
Maces & Flails | 3 4 |  4.2
Fighting       | 4 |  4.1
Armour         | 4 |  4.1
Dodging        | 1 |  1.0

Action                   |  1- 3 |  4- 6 || total
-------------------------+-------+-------++-------
Melee: Flail             |    37 |       ||    37
       Whip              |    58 |   155 ||   213
  Use: Scroll            |     7 |       ||     7
       Potion            |     5 |     4 ||     9
  Eat: Chunk             |     1 |     4 ||     5
Armor: Scale mail        |    62 |    67 ||   129
Dodge: Dodged            |    27 |    38 ||    65
Block: Shield            |    53 |    82 ||   135
